 Dungeon Crawl Stone Soup version 0.29-a0-541-gaf1fc19f1b (webtiles) character file.

Game seed: 11039015548694770457

764 grumblor the Chopper (level 7, 0/37 HPs)
             Began as a Vine Stalker Fighter on June 3, 2022.
             Was an Initiate of Sif Muna.
             Slain by a gnoll
             ... wielding a +0 spear
             ... led by a gnoll shaman
              (1 damage)
             ... on level 4 of the Dungeon.
             The game lasted 00:04:22 (3599 turns).

grumblor the Chopper (Vine Stalker Fighter)         Turns: 3599, Time: 00:04:23

Health: 0/37       AC:  8    Str: 21    XL:     7   Next: 81%
Magic:  0/8        EV: 10    Int:  8    God:    Sif Muna [......]
Gold:   168        SH: 10    Dex: 13    Spells: 6/6 levels left

rFire   . . .      SeeInvis .   m - +3 hand axe
rCold   . . .      Faith    .   c - +0 buckler
rNeg    . . .      Spirit   +   b - +0 scale mail
rPois   .          Reflect  +   k - +0 helmet
rElec   .          Harm     .   (no cloak)
rCorr   .          Rampage  .   (no gloves)
Will    +....                   (no boots)
Stlth   ..........              g - amulet of reflection
HPRegen 0.92/turn               i - ring of willpower
MPRegen 0.11/turn               (no ring)

@: no status effects
A: fangs 2, regeneration 1, magic shield, antimagic bite, no potion heal 2
a: Renounce Religion


You were on level 4 of the Dungeon.
You worshipped Sif Muna.
Sif Muna was noncommittal.
You visited 2 branches of the dungeon, and saw 5 of its levels.

You collected 168 gold pieces.

Inventory:

Hand Weapons
 a - a +0 war axe
 m - a +3 hand axe (weapon)
Missiles
 j - 6 javelins (quivered)
Armour
 b - a +0 scale mail (worn)
 c - a +0 buckler (worn)
 k - a +0 helmet (worn)
Jewellery
 f - a ring of fire
 g - an amulet of reflection (around neck)
 i - a ring of willpower (left hand)
Scrolls
 l - a scroll of magic mapping {unknown}
 p - a scroll of teleportation
Potions
 d - a potion of might
 e - a potion of haste
 h - 2 potions of curing
 q - a potion of heal wounds {unknown}
 r - a potion of lignification {unknown}


   Skills:
 * Level 4.1 Fighting
 + Level 4.1 Axes
 - Level 2.0 Throwing
 + Level 3.8 Armour
 * Level 2.4 Dodging
 + Level 3.7 Shields
 * Level 0.9 Invocations


You had 6 spell levels left.
You didn't know any spells.
Your spell library was empty.

Dungeon Overview and Level Annotations

Branches:
Dungeon (4/15)             Temple (1/1) D:4

Altars:
Ashenzari
Cheibriados
Dithmenos
Elyvilon
Fedhas
Gozag
Hepliaklqana
Kikubaaqudgha
Makhleb
Nemelex Xobeh
Okawaru
Qazlal
Sif Muna
Trog
Uskayaw
Vehumet
Wu Jian
Xom
Yredelemnul
Zin
The Shining One


Innate Abilities, Weirdness & Mutations

You have extremely sharp teeth.
Your natural rate of healing is unusually fast.
When hurt, damage is shared between your health and your magic reserves.
Your bite disrupts and absorbs the magic of your enemies.
Potions cannot restore your health.


Message History

The gnoll shaman calls upon its god to speed up the gnoll.
The gnoll seems to speed up.
You block the gnoll's attack.
The gnoll hits you from afar with a +0 spear.
You hit the gnoll shaman but do no damage.
You bite the gnoll shaman.
You kill the gnoll shaman!
Sif Muna accepts your kill.
The gnoll hits you from afar with a +0 halberd.
The gnoll hits you but does no damage. You block the gnoll's attack.
Unknown command.
You hit the gnoll. You bite the gnoll, but do no damage.
The gnoll is lightly wounded.
The gnoll barely misses you. You block the gnoll's attack.
The gnoll barely misses you. You block the gnoll's attack.
Unknown command.
The gnoll attacks as you move away! You block the gnoll's attack.
You closely miss the gnoll. Your bite misses the gnoll.
The gnoll is lightly wounded.
The gnoll closely misses you.
The gnoll hits you from afar with a +0 halberd.
You block the gnoll's attack.
Unknown command.
The gnoll hits you with a +0 halberd!
* * * LOW HITPOINT WARNING * * *
The gnoll hits you from afar with a +0 halberd.
* * * LOW HITPOINT WARNING * * *
The gnoll hits you but does no damage. You block the gnoll's attack.
Unknown command.
You hit the gnoll. You bite the gnoll. You drain its power.
You feel invigorated.
The gnoll is severely wounded.
You hit the gnoll. The gnoll hits you with a +0 flail.
* * * LOW HITPOINT WARNING * * *
The gnoll hits you with a +0 halberd.
* * * LOW HITPOINT WARNING * * *
The gnoll closely misses you. The gnoll hits you but does no damage.
The gnoll hits you with a +0 flail!
* * * LOW HITPOINT WARNING * * *
The gnoll hits you from afar with a +0 spear.
You die...

.# #....
#........#.# .#
#... #.##...†...#
##
###.###.##.###.###
#....##.##.###.# #
#...>........#
#.#..##.######.#
#.#..##.# #.#
#.g..##.######.#
###@###........#
#g# #########.
#..ggg....#
#......##.#
#.##..... ...
....##. ### ....#
# ..... .....##


You could see 5 gnolls.

Vanquished Creatures
  Grinder (D:3)
  Sigmund (D:4)
  A necrophage (D:4)
  A scorpion (D:4)
  A jelly (D:4)
  A gnoll shaman (D:4)
  An iguana (D:4)
  Natasha (thrice) (D:3)
  9 adders
  A worm (D:3)
  2 dart slugs
  11 endoplasms
  A giant cockroach (D:3)
  2 goblins (D:2)
  7 hobgoblins
  2 quokkas
  7 ball pythons
  3 bats
  5 frilled lizards
  5 kobolds
  6 rats
71 creatures vanquished.

Notes
Turn   | Place    | Note
-------+----------+-------------------------------------------
     0 | D:1      | grumblor the Vine Stalker Fighter began the quest for the
                  | Orb.
     0 | D:1      | Reached XP level 1. HP: 11/11 MP: 2/2
   129 | D:1      | Reached XP level 2. HP: 13/16 MP: 3/3
   625 | D:1      | Reached XP level 3. HP: 20/20 MP: 4/4
   889 | D:2      | Found a faded altar of an unknown god.
  1187 | D:2      | Reached skill level 1 in Dodging
  1187 | D:2      | Gained mutation: Your natural rate of healing is unusually
                  | fast. [Vine Stalker growth]
  1187 | D:2      | Reached XP level 4. HP: 19/24 MP: 5/5
  1473 | D:2      | Found a shadowy altar of Dithmenos.
  1810 | D:3      | Noticed Grinder
  1824 | D:3      | Killed Grinder
  1825 | D:3      | Reached skill level 1 in Throwing
  1825 | D:3      | Reached XP level 5. HP: 11/28 MP: 1/6
  1825 | D:3      | Reached XP level 6. HP: 13/32 MP: 1/7
  1972 | D:3      | Noticed Natasha
  1979 | D:3      | Killed Natasha
  2073 | D:3      | Noticed Natasha
  2081 | D:3      | Killed Natasha
  2534 | D:3      | Noticed Natasha
  2539 | D:3      | Killed Natasha
  2592 | D:4      | Noticed Sigmund
  2606 | D:4      | Killed Sigmund
  2607 | D:4      | Reached XP level 7. HP: 33/37 MP: 8/8
  2664 | D:4      | Found a staircase to the Ecumenical Temple.
  2677 | Temple   | Entered the Ecumenical Temple
  2924 | Temple   | Became a worshipper of Sif Muna the Loreminder
  3599 | D:4      | HP: 1/37 [gnoll/+0 flail[a gnoll shaman] (3)]
  3599 | D:4      | Slain by a gnoll

Illustrated notes

Levels and vault maps discovered:
D:1:      saegor_arrival_simple_e, layout_rooms
D:2:      layout_basic, dilly_ecumenical_altar_fadedgnrine, basic_altar,
          minmay_surrounded
D:3:      layout_loops_ring, uniq_natasha, uniq_grinder
D:4:      layout_loops_corners, minmay_temple_entry_stoned_glass, uniq_sigmund
Temple:   mainiacjoe_temple_starburst

Skill      XL: |  1  2  3  4  5  6  7 |
---------------+----------------------+-----
Fighting       | 3 4 |  4.1
Axes           | 2 3 4 |  4.1
Shields        | 3 |  3.7
Dodging        | 1 2 |  2.4
Throwing       | 1 2 |  2.0
Armour         | 3 |  3.8
Invocations    | |  0.9

Action                   |  1- 3 |  4- 6 |  7- 9 || total
-------------------------+-------+-------+-------++-------
Melee: War axe           |    70 |    22 |       ||    92
       Bite              |    14 |    19 |    16 ||    49
       Hand axe          |       |    57 |    43 ||   100
Throw: Javelin           |       |     2 |       ||     2
  Use: Scroll            |     2 |     5 |       ||     7
Armor: Scale mail        |    27 |    16 |    18 ||    61
Dodge: Dodged            |    31 |    22 |    15 ||    68
Block: Buckler           |    41 |    27 |    29 ||    97
       Reflection        |     1 |     1 |       ||     2

Table legend: (Time is in decaauts)
 A = Elapsed time spent in this place.
 B = Non-inter-level travel time spent in this place.
 C = Inter-level travel time spent in this place.
 D = Time resting spent in this place.
 E = Time spent auto-exploring this place.
 F = Levels seen in this place.
 G = Mean time per level.
                   A        B        C        D        E       F      G
               +--------+--------+--------+--------+--------+-----+--------+
         Total |   3656 |   3405 |    251 |    100 |   2702 |   5 |  731.2 |
       Dungeon |   3080 |   2888 |    192 |    100 |   2264 |   4 |  770.0 |
        Temple |    575 |    516 |     59 |      0 |    438 |   1 |  575.0 |
               +--------+--------+--------+--------+--------+-----+--------+

Top non-repeatable levels by time:
     D:2: 1041 daAuts
     D:3: 827 daAuts
     D:1: 735 daAuts
  Temple: 575 daAuts
     D:4: 475 daAuts
